[Event "Early-Titled-Tuesday-Blitz-May-07-2024"]
[Site "Chess.com"]
[Date "2024.05.07"]
[Round "6"]
[White "RebelJohnny"]
[Black "ChessQueen"]
[Result "0-1"]
[WhiteElo "2567"]
[BlackElo "2808"]
[TimeControl "180+1"]
[EndTime "9:09:48 PDT"]
[Termination "ChessQueen won by resignation"]

1. e4 c6 2. d4 d5 3. Nd2 dxe4 4. Nxe4 Nf6 5. Nxf6+ exf6 6. c3 Bd6 7. Bd3 Na6 8.
Ne2 Nc7 9. Qc2 h5 10. O-O Nd5 11. a3 h4 12. c4 Ne7 13. h3 g5 14. Nc3 Bc7 15. Be3 g4 16. hxg4 h3 17. g3 h2+ 18. Kh1 Bxg4 19. Be4 f5 20. Bg2 Qd7 21.
d5 O-O-O 22. Bg5 f4 23. gxf4 Bh3 24. f3 Bxg2+ 25. Qxg2 Rdg8 26. Qf2 Nf5 27. Ne4 Rxg5 28. fxg5 cxd5 29. cxd5 Qxd5 30. Rac1 Kb8 31. Rxc7 Kxc7 32. Qxa7 Nd4 33. Qa5+ Qxa5 0-1

[Event "Early-Titled-Tuesday-Blitz-May-07-2024"]
[Site "Chess.com"]
[Date "2024.05.07"]
[Round "6"]
[White "edgarhay012"]
[Black "Iball95"]
[Result "0-1"]
[WhiteElo "2670"]
[BlackElo "2919"]
[TimeControl "180+1"]
[EndTime "9:09:51 PDT"]
[Termination "Iball95 won by resignation"]

1. e4 c5 2. Nc3 e6 3. Nf3 Nc6 4. Bb5 Nge7 5. Bxc6 Nxc6 6. d4 cxd4 7. Nxd4 Nxd4 8. Qxd4 a6 9. a4 Qc7 10. O-O f6 11.
Be3 Bd6 12. f4 O-O 13. Qd2 Rb8 14. a5 Be7 15. Kh1 d6 16. Bb6 Qc6 17. Qd3 Bd7 18.
Ne2 Rbc8 19. Nd4 Qc4 20. Qd2 e5 21. Nf5 Bxf5 22. exf5 d5 23. b3 Qc6 24. Rad1 d4 25. Rf2 Bd8 26. Bxd8 Rfxd8 27. fxe5 fxe5 28. f6 gxf6 29.
Rdf1 Rf8 30. Qh6 f5 31. Qg5+ Qg6 32. Rxf5 Rxf5 33. Rxf5 Qxg5 34. Rxg5+ Kf7 35. Rxe5 d3 36. c4 d2 37. Rd5 Re8 38. g4 0-1

[Event "Early-Titled-Tuesday-Blitz-May-07-2024"]
[Site "Chess.com"]
[Date "2024.05.07"]
[Round "6"]
[White "balack95"]
[Black "IwkooO"]
[Result "0-1"]
[WhiteElo "2513"]
[BlackElo "2700"]
[TimeControl "180+1"]
[EndTime "9:09:51 PDT"]
[Termination "IwkooO won by resignation"]

1. d4 e6 2. c4 Nf6 3. Nc3 d5 4. cxd5 exd5 5. Bg5 h6 6. Bh4 Be6 7. e3 c5 8. Bb5+ Nc6 9. Nf3 Be7 10. dxc5 g5 11. Bg3 Bxc5 12. O-O O-O 13. Nd4 Nxd4 14. exd4 Bd6 15. Bd3 Bxg3 16. hxg3 Qb6 17. Na4 Qd6 18.
Nc5 b6 19. Nxe6 fxe6 20. Rc1 Rac8 21. Qe2 Kg7 22. Bb1 Qe7 23. Rfe1 Rxc1 24. Rxc1 Rd8 25. Rc6 Rd6 26. Rc8 Rd8 27. Rxd8 Qxd8 28. Qxe6 Qc7 29.
Qe3 Kf7 30. Bf5 Qc6 31. g4 a5 32. f4 gxf4 33. Qxf4 Kg7 34. Kh2 b5 35. g5 hxg5 36.
Qxg5+ Kf8 37. Qh6+ Kf7 38. Qg6+ Kf8 39. Qh6+ Kf7 40. Bg6+ Kg8 41. Qg5 Kf8 42. Bf5 b4 43. Qg3 Qb6 44. Qe5 a4 45. Be6 Qd8 46. g4 Qe7 47. g5 Qh7+ 48. Bh3 Ng4+ 49. Kg3 Nxe5 50. dxe5 Qe4 51. e6 d4 52. Bg4 d3 53. g6 Qxg6 54. e7+ Kxe7 0-1

[Event "Early-Titled-Tuesday-Blitz-May-07-2024"]
[Site "Chess.com"]
[Date "2024.05.07"]
[Round "6"]
[White "Nadtkins"]
[Black "Chessdude1987"]
[Result "1-0"]
[WhiteElo "2538"]
[BlackElo "2364"]
[TimeControl "180+1"]
[EndTime "9:09:52 PDT"]
[Termination "Nadtkins won by resignation"]

1. Nf3 Nf6 2. g3 g6 3. Bg2 Bg7 4. O-O O-O 5. d4 d6 6. Re1 Nc6 7. e4 e5 8. d5 Ne7 9. c4 h6 10. Nc3 Nh5 11. Nh4 Bd7 12. Be3 Qc8 13. c5 Re8 14. Rc1 dxc5 15. Bxc5 b6 16. Bxe7 Rxe7 17. d6 Re6 18. Nd5 Rxd6 19. Ne7+ Kh7 20. Nxc8 Rxd1 21.
Rexd1 Bxc8 22. Rxc7 Be6 23. a3 a5 24. Rd6 Rb8 25.
Ra7 Bf8 26. Rxe6 Kg8 27. Rxe5 Bg7 28. Rb5 Bxb2 29. Rxb2 1-0

[Event "Early-Titled-Tuesday-Blitz-May-07-2024"]
[Site "Chess.com"]
[Date "2024.05.07"]
[Round "6"]
[White "gurelediz"]
[Black "krzyzan94"]
[Result "1-0"]
[WhiteElo "2954"]
[BlackElo "2795"]
[TimeControl "180+1"]
[EndTime "9:09:53 PDT"]
[Termination "gurelediz won on time"]

1. Nf3 Nf6 2. g3 d5 3. Bg2 e6 4. O-O b5 5. a4 b4 6. c3 bxc3 7. bxc3 c5 8. d3 Be7 9. Nbd2 O-O 10. c4 Nc6 11. Bb2 Rb8 12. Rb1 Bd7 13. cxd5 exd5 14. Nb3 Na5 15. Bxf6 gxf6 16. Nbd2 Rxb1 17. Qxb1 Bxa4 18.
Nh4 Qd7 19. Qa2 c4 20. dxc4 dxc4 21. Nxc4 Nxc4 22. Qxc4 Bb5 23. Qf4 Kh8 24. Be4 f5 25. Nxf5 Bf6 26. Qh6 Qd8 27. Nd6 1-0

[Event "Early-Titled-Tuesday-Blitz-May-07-2024"]
[Site "Chess.com"]
[Date "2024.05.07"]
[Round "6"]
[White "ChessSwole"]
[Black "UK_23"]
[Result "1-0"]
[WhiteElo "2639"]
[BlackElo "2441"]
[TimeControl "180+1"]
[EndTime "9:09:54 PDT"]
[Termination "ChessSwole won by resignation"]

1. Nf3 Nf6 2. d4 c5 3. d5 b5 4. e4 Nxe4 5. Bd3 Nf6 6. Bxb5 Bb7 7. Nc3 g6 8. O-O Bg7 9. Re1 O-O 10. Bf4 d6 11. Bc4 Ba6 12. Bxa6 Nxa6 13. Qe2 Nc7 14. Rad1 Re8 15. h3 Rb8 16. b3 Qd7 17. a3 Nb5 18. Nb1 Nh5 19. Bc1 Nd4 20. Nxd4 Bxd4 21. a4 a5 22. Na3 e6 23. Qf3 exd5 24. Qxd5 Rxe1+ 25. Rxe1 Re8 26. Bd2 Rxe1+ 27. Bxe1 Qe7 28. Kf1 Nf4 29. Qf3 g5 30. Bxa5 h6 31. Bd2 Ng6 32. Nb5 Ne5 33.
Qd5 Qf6 34. Nxd4 1-0

[Event "Early-Titled-Tuesday-Blitz-May-07-2024"]
[Site "Chess.com"]
[Date "2024.05.07"]
[Round "6"]
[White "Stanbad1"]
[Black "Groetzi"]
[Result "1-0"]
[WhiteElo "2601"]
[BlackElo "2413"]
[TimeControl "180+1"]
[EndTime "9:09:56 PDT"]
[Termination "Stanbad1 won by resignation"]

1. d4 d5 2. c4 c6 3. cxd5 cxd5 4. Bf4 Nc6 5. e3 Nf6 6. Nc3 a6 7. Be2 Bf5 8. Nf3 e6 9. Rc1 Bd6 10. Ne5 O-O 11. Nxc6 bxc6 12. Bxd6 Qxd6 13. O-O c5 14. dxc5 Qxc5 15. Bf3 Qa5 16. a3 Rfb8 17. Qd4 Rc8 18. h3 Rc4 19. Qe5 Qb6 20. Nxd5 exd5 21.
Rxc4 Re8 22. Qc7 Qxb2 23. Rf4 Bd3 24. Rd1 Bc4 25. Qc6 Re6 26. Qc5 Qe5 27. Rb1 Re8 28. Rb7 Qa1+ 29. Kh2 Qe5 30. Rc7 g5 31. g3 gxf4 32.
gxf4 Qe6 33. Rc6 Qf5 34. Qd4 Ne4 35. Bg4 Qd7 36. Bxd7 1-0

[Event "Early-Titled-Tuesday-Blitz-May-07-2024"]
[Site "Chess.com"]
[Date "2024.05.07"]
[Round "6"]
[White "kekic76"]
[Black "aljado"]
[Result "1-0"]
[WhiteElo "2348"]
[BlackElo "2174"]
[TimeControl "180+1"]
[EndTime "9:09:56 PDT"]
[Termination "kekic76 won by resignation"]

1. c4 e5 2. Nc3 Nf6 3. d3 Nc6 4. Nf3 d5 5. cxd5 Nxd5 6. Bd2 Be7 7. g3 O-O 8. Bg2 Be6 9. O-O Nb6 10. a3 Qd7 11. Rc1 Rad8 12. b4 a6 13. Ne4 Bh3 14.
Nc5 Bxc5 15. Rxc5 Bxg2 16. Kxg2 f6 17. Qb3+ Kh8 18. Rfc1 Rfe8 19. a4 e4 20. dxe4 Rxe4 21. b5 axb5 22. axb5 Na5 23. Bxa5 Rxe2 24. Rxc7 Qd6 25.
Rxb7 Nd5 26. Bxd8 1-0

[Event "Early-Titled-Tuesday-Blitz-May-07-2024"]
[Site "Chess.com"]
[Date "2024.05.07"]
[Round "6"]
[White "Zheenbekov86"]
[Black "karinachess1"]
[Result "0-1"]
[WhiteElo "2417"]
[BlackElo "2604"]
[TimeControl "180+1"]
[EndTime "9:09:59 PDT"]
[Termination "karinachess1 won on time"]

1. Nf3 Nf6 2. g3 g6 3. Bg2 Bg7 4. O-O O-O 5. d3 d6 6. c4 e5 7.
Nc3 Nc6 8. a3 a5 9. Rb1 h6 10. b4 Be6 11. Nd2 Qd7 12. Nd5 Rab8 13. b5 Nd4 14. Nxf6+ Bxf6 15. Ne4 Bg7 16. Bxh6 Bh3 17.
Bxg7 Kxg7 18. Qd2 Rh8 19. Ng5 Bxg2 20. Kxg2 f6 21. e3 fxg5 22. exd4 Qh3+ 23. Kf3 Rbf8+ 24. Ke2 Qg4+ 25. Ke1 Rxh2 26. Qe3 exd4 27. Qe2 Qf5 28. Rb2 Kf7 0-1

[Event "Early-Titled-Tuesday-Blitz-May-07-2024"]
[Site "Chess.com"]
[Date "2024.05.07"]
[Round "6"]
[White "AcostaPablo"]
[Black "Mikhail_Bryakin"]
[Result "0-1"]
[WhiteElo "2632"]
[BlackElo "2891"]
[TimeControl "180+1"]
[EndTime "9:10:01 PDT"]
[Termination "Mikhail_Bryakin won by resignation"]

1. d4 Nf6 2. c4 d6 3. Nf3 g6 4. Nc3 Bg7 5. Bg5 h6 6. Bh4 g5 7. Bg3 Nh5 8. e3 Nc6 9. Bd3 e5 10. Nxe5 Nxe5 11. Bxe5 dxe5 12. Qxh5 exd4 13. exd4 Qxd4 14.
Qe2+ Be6 15. Rd1 O-O-O 16. O-O Kb8 17. h3 h5 18. Qe4 Qc5 19. Be2 g4 20. Rxd8+ Rxd8 21. hxg4 hxg4 22. Rd1 Rxd1+ 23. Nxd1 Bc8 24. Bxg4 f5 25.
b4 fxe4 26. bxc5 Bxg4 27. Ne3 Be6 0-1

[Event "Early-Titled-Tuesday-Blitz-May-07-2024"]
[Site "Chess.com"]
[Date "2024.05.07"]
[Round "6"]
[White "HouseOfDurin"]
[Black "ilushka"]
[Result "0-1"]
[WhiteElo "2233"]
[BlackElo "2527"]
[TimeControl "180+1"]
[EndTime "9:10:01 PDT"]
[Termination "ilushka won on time"]

1. d4 d5 2. Bg5 c5 3. c3 cxd4 4. cxd4 Qb6 5. Qc2 Nc6 6. e3 Nb4 7.
Qb3 Bf5 8. Na3 a6 9. Nf3 Rc8 10. Bb5+ axb5 11. Qxb4 f6 12. Bh4 e5 13. Qxb5+ Qxb5 14. Nxb5 Bb4+ 15. Kd1 Bc2+ 16. Ke2 e4 17. Ne1 Ba4 18. Nc3 Bxc3 19. bxc3 Rxc3 20. Kd2 Ra3 21. Bg3 Kd7 22. Rb1 Rxa2+ 23. Kc3 b5 24. Rb2 Ra1 0-1

[Event "Early-Titled-Tuesday-Blitz-May-07-2024"]
[Site "Chess.com"]
[Date "2024.05.07"]
[Round "6"]
[White "Bykov_Egor"]
[Black "Amiciterno"]
[Result "1-0"]
[WhiteElo "2626"]
[BlackElo "2421"]
[TimeControl "180+1"]
[EndTime "9:10:04 PDT"]
[Termination "Bykov_Egor won on time"]

1. e4 e6 2. d4 d5 3. Nc3 Bb4 4.
exd5 exd5 5. Bd3 Ne7 6. Ne2 Nbc6 7. Bf4 Bf5 8. a3 Bd6 9. O-O Bxd3 10. Qxd3 Bxf4 11. Nxf4 O-O 12. Rfe1 Qd6 13. g3 Rad8 14. Rad1 Rfe8 15. Qf3 Qf6 16. Ncxd5 Nxd5 17. Rxe8+ Rxe8 18. Qxd5 Rd8 19. Qe4 Nxd4 20. Nd5 Nf3+ 21. Kg2 1-0

[Event "Early-Titled-Tuesday-Blitz-May-07-2024"]
[Site "Chess.com"]
[Date "2024.05.07"]
[Round "6"]
[White "Ivan11Martic"]
[Black "AttilaTurzo"]
[Result "1-0"]
[WhiteElo "2629"]
[BlackElo "2469"]
[TimeControl "180+1"]
[EndTime "9:10:07 PDT"]
[Termination "Ivan11Martic won by checkmate"]

1. e4 c5 2. Nf3 d6 3. d4 cxd4 4. Nxd4 Nf6 5. f3 e5 6. Nb3 d5 7. Bg5 dxe4 8. Qxd8+ Kxd8 9. fxe4 Be7 10. Nc3 Be6 11. O-O-O+ Kc7 12. Be2 Nbd7 13. Nb5+ Kc6 14. Be3 b6 15. Rd3 Nxe4 16. Bf3 f5 17. N5d4+ exd4 18.
Nxd4+ Kd5 19. Nxf5+ Ke5 20. Nxe7 Ndf6 21. Re1 Bc4 22.
Nc6+ Kf5 23. Rd4 b5 24. g4+ Kg6 25. Ne5# 1-0

[Event "Early-Titled-Tuesday-Blitz-May-07-2024"]
[Site "Chess.com"]
[Date "2024.05.07"]
[Round "6"]
[White "Iskusnyh"]
[Black "kritipatel"]
[Result "1-0"]
[WhiteElo "2599"]
[BlackElo "2191"]
[TimeControl "180+1"]
[EndTime "9:10:11 PDT"]
[Termination "Iskusnyh won on time"]

1. d4 d5 2. c4 e6 3. Nf3 Nf6 4. g3 Be7 5. Bg2 O-O 6. Qc2 dxc4 7. Qxc4 a6 8. Bf4 Nd5 9. Nc3 b5 10. Qb3 Bb7 11. Nxd5 Bxd5 12. Qc2 Bb4+ 13. Bd2 Nc6 14. Bxb4 Nxb4 15. Qd2 Nc6 16. Rd1 Rb8 17. O-O Bxa2 18.
Qc2 Nb4 19. Qc3 a5 20. Ne5 Bd5 21. e4 Ba8 22. d5 exd5 23. exd5 Bxd5 24. Bxd5 Nxd5 25.
Qc5 Qg5 26. Rxd5 1-0

[Event "Early-Titled-Tuesday-Blitz-May-07-2024"]
[Site "Chess.com"]
[Date "2024.05.07"]
[Round "6"]
[White "Blackwhite017"]
[Black "jinxy2009"]
[Result "1-0"]
[WhiteElo "2121"]
[BlackElo "2266"]
[TimeControl "180+1"]
[EndTime "9:10:12 PDT"]
[Termination "Blackwhite017 won by resignation"]

1. e4 c5 2. Nf3 Nc6 3. d4 cxd4 4. Nxd4 Nf6 5. Nc3 e5 6. Ndb5 d6 7. Bg5 a6 8. Na3 b5 9. Nd5 Be7 10. Bxf6 Bxf6 11. c4 b4 12. Nc2 O-O 13. Be2 a5 14.
O-O Bg5 15. Qd3 Kh8 16. Rfd1 f5 17. Bf3 Rb8 18. b3 g6 19. a3 bxa3 20. Rxa3 Be6 21. Nde3 Bxe3 22. fxe3 Nb4 23. Nxb4 axb4 24. Ra6 Rb6 25.
Rxb6 Qxb6 26. Qxd6 Qxe3+ 27. Kh1 Re8 28. Qxe5+ Kg8 29.
Qd4 Qxd4 30. Rxd4 Ra8 31. h4 Ra1+ 32. Kh2 Rb1 33. exf5 Bxf5 34. c5 Rxb3 35. Bd5+ Kg7 36. Bxb3 1-0

[Event "Early-Titled-Tuesday-Blitz-May-07-2024"]
[Site "Chess.com"]
[Date "2024.05.07"]
[Round "6"]
[White "Kirillov_Andrey"]
[Black "TitarovVasiliYouTube"]
[Result "0-1"]
[WhiteElo "2422"]
[BlackElo "2622"]
[TimeControl "180+1"]
[EndTime "9:10:13 PDT"]
[Termination "TitarovVasiliYouTube won by resignation"]

1. e4 Nf6 2. e5 Nd5 3. d4 d6 4. Nf3 dxe5 5. Nxe5 c6 6. Be2 Bf5 7. O-O e6 8. c4 Nf6 9. Nc3 Nbd7 10. f4 Nxe5 11.
fxe5 Ne4 12. Nxe4 Bxe4 13. Be3 Be7 14. Qb3 Qb6 15. Qxb6 axb6 16. Rf4 Bg6 17. d5 Bg5 18. d6 Bxf4 19. Bxf4 Kd7 20. Be3 c5 21. Bf3 Ra7 22. a3 Bc2 23. Rc1 Ba4 24. Kf2 Bc6 25. Rc3 Bxf3 26. gxf3 f6 27. b4 Kc6 28. f4 Rha8 29.
bxc5 bxc5 30. d7 b6 31. exf6 gxf6 0-1

[Event "Early-Titled-Tuesday-Blitz-May-07-2024"]
[Site "Chess.com"]
[Date "2024.05.07"]
[Round "6"]
[White "Byniolus"]
[Black "Lestofante90"]
[Result "0-1"]
[WhiteElo "2809"]
[BlackElo "2974"]
[TimeControl "180+1"]
[EndTime "9:10:14 PDT"]
[Termination "Lestofante90 won by resignation"]

1. d4 Nf6 2. Nf3 d5 3. Bf4 e6 4. Nbd2 Bd6 5. Bg3 O-O 6. e3 c5 7.
c3 Qc7 8. Be2 Nbd7 9. c4 b6 10.
Rc1 Bb7 11. dxc5 bxc5 12. Qa4 d4 13. exd4 cxd4 14. O-O e5 15. b4 d3 16. Bxd3 e4 17. Bxd6 Qxd6 18. Bxe4 Nxe4 19. Nxe4 Bxe4 20. Rfd1 Qg6 21.
Qb3 Ne5 22. Ne1 Rad8 23. c5 Nd3 24. Rc3 Nxe1 25. Rg3 Bc2 26. Rxd8 Bxb3 27. Rxf8+ Kxf8 28. Rxg6 hxg6 29. axb3 Nd3 30. c6 Ke7 0-1

[Event "Early-Titled-Tuesday-Blitz-May-07-2024"]
[Site "Chess.com"]
[Date "2024.05.07"]
[Round "6"]
[White "GMKrikor"]
[Black "Msb2"]
[Result "0-1"]
[WhiteElo "2849"]
[BlackElo "3036"]
[TimeControl "180+1"]
[EndTime "9:10:15 PDT"]
[Termination "Msb2 won on time"]

1. Nf3 d5 2. c4 e6 3. d4 Nf6 4. Nc3 Bb4 5. cxd5 exd5 6. Bf4 O-O 7. e3 c5 8. dxc5 Qa5 9. Bd3 Bxc3+ 10. bxc3 Qxc3+ 11. Ke2 Qxc5 12. Rc1 Qe7 13. Rc7 Qd8 14. Qc2 Nc6 15. Rb1 Nh5 16. Bxh7+ Kh8 17. Bg3 Nxg3+ 18. hxg3 Qxc7 19. Rh1 g6 20. Bxg6+ Kg8 21. Rh7 Bg4 22. Qb2 d4 23. Be4 Qe5 0-1

[Event "Early-Titled-Tuesday-Blitz-May-07-2024"]
[Site "Chess.com"]
[Date "2024.05.07"]
[Round "6"]
[White "aanshnerurkar"]
[Black "th3d4rkness"]
[Result "0-1"]
[WhiteElo "2472"]
[BlackElo "2228"]
[TimeControl "180+1"]
[EndTime "9:10:15 PDT"]
[Termination "th3d4rkness won by resignation"]

1. e4 c5 2. Nf3 Nc6 3. Bb5 g6 4. O-O Bg7 5. c3 e5 6. d4 cxd4 7. cxd4 exd4 8. Bf4 Nge7 9. Bd6 O-O 10. Nbd2 a6 11. Bd3 Re8 12. b4 Na7 13. a4 b6 14.
Qb3 h6 15. Rac1 Nec6 16. b5 axb5 17. axb5 Na5 18. Qb2 Bb7 19. Bc7 Qf6 20. e5 Qe6 21. Qxd4 Bxf3 22. Nxf3 Nb3 23. Qe4 Nxc1 24. Rxc1 Rac8 25.
h3 d6 26. Ra1 Rxc7 0-1

[Event "Early-Titled-Tuesday-Blitz-May-07-2024"]
[Site "Chess.com"]
[Date "2024.05.07"]
[Round "6"]
[White "SRob2003"]
[Black "SaiHanThiha"]
[Result "1-0"]
[WhiteElo "2644"]
[BlackElo "2446"]
[TimeControl "180+1"]
[EndTime "9:10:17 PDT"]
[Termination "SRob2003 won on time"]

1. g4 d5 2. Bg2 c6 3. c4 dxc4 4. h3 h5 5. g5 Bf5 6. Na3 e5 7.
Nxc4 e4 8. h4 Nd7 9. b3 a5 10.
Bb2 a4 11. Rc1 Nc5 12. b4 Ne6 13. a3 Nd4 14. Nh3 Nb3 15. Rc3 Ne7 16. O-O Nd5 17. Rg3 Qd7 18. Ne3 Be6 19. Nxd5 cxd5 20. Nf4 Bd6 21.
Nxe6 fxe6 22. Rh3 O-O 23. d3 e5 24. dxe4 d4 25. e3 Rac8 26. Qxh5 g6 27. Qxg6+ Kh8 28. exd4 exd4 29. Rxb3 1-0

[Event "Early-Titled-Tuesday-Blitz-May-07-2024"]
[Site "Chess.com"]
[Date "2024.05.07"]
[Round "6"]
[White "dzhumagaliev"]
[Black "Sofia_Blokhin"]
[Result "1-0"]
[WhiteElo "2842"]
[BlackElo "2267"]
[TimeControl "180+1"]
[EndTime "9:10:18 PDT"]
[Termination "dzhumagaliev won by checkmate"]

1. Nf3 g6 2. d4 f5 3. h4 Nf6 4.
h5 Nxh5 5. Rxh5 gxh5 6. e4 d6 7. Ng5 e6 8. Qxh5+ Kd7 9. Bc4 d5 10. Nf7 Qe8 11. Ne5+ Kd8 12. Bg5+ Be7 13. Bxe7+ Qxe7 14.
Nf7+ Kd7 15. Nxh8 dxc4 16. Nc3 Nc6 17. O-O-O Qg7 18. d5 Qxh8 19. dxe6+ Kxe6 20. Qxf5+ Ke7 21. Nd5+ Ke8 22. Nxc7+ Ke7 23. Qc5+ Kf7 24. Qxc4+ Kg6 25. Rd6+ Kg5 26. Qc5+ Ne5 27. Nxa8 Bg4 28. Qe3+ Kh4 29. Rh6+ Bh5 30. Qg3# 1-0

[Event "Early-Titled-Tuesday-Blitz-May-07-2024"]
[Site "Chess.com"]
[Date "2024.05.07"]
[Round "6"]
[White "jefferyx"]
[Black "DrVelja"]
[Result "1/2-1/2"]
[WhiteElo "3129"]
[BlackElo "2972"]
[TimeControl "180+1"]
[EndTime "9:10:19 PDT"]
[Termination "Game drawn by repetition"]

1. Nf3 Nf6 2. c4 c6 3. d4 d5 4. cxd5 cxd5 5. Nc3 Nc6 6. Bf4 Bf5 7. Qb3 Na5 8. Qa4+ Bd7 9. Qc2 e6 10. e3 Rc8 11. Bd3 Bb4 12. O-O Nh5 13. Be5 f6 14. Bg3 Nxg3 15. hxg3 Nc4 16. Rfc1 Nd6 17. Qe2 O-O 18. Nd2 Qe7 19. a3 Bxc3 20. bxc3 Rc7 21. e4 dxe4 22. Nxe4 Nxe4 23. Qxe4 g6 24. c4 Bc6 25.
Qe3 Rd7 26. Re1 Qd6 27. Rad1 Kg7 28. Bf1 Rfd8 29. Be2 h5 30. c5 Qf8 31. Bf3 Bxf3 32. Qxf3 e5 33. dxe5 Rxd1 34. Rxd1 Rxd1+ 35. Qxd1 fxe5 36. Qd5 Qe7 37. a4 Kf6 38. a5 Qc7 39. Qf3+ Ke7 40. Qd5 Kf6 41. Qf3+ Ke7 42. Qd5 Kf6 1/2-1/2

[Event "Early-Titled-Tuesday-Blitz-May-07-2024"]
[Site "Chess.com"]
[Date "2024.05.07"]
[Round "6"]
[White "MarkusRagger"]
[Black "Kazmin_Semyon"]
[Result "0-1"]
[WhiteElo "2809"]
[BlackElo "2617"]
[TimeControl "180+1"]
[EndTime "9:10:20 PDT"]
[Termination "Kazmin_Semyon won by resignation"]

1. d4 Nf6 2. Nf3 e6 3. c4 d5 4. g3 c6 5. Bg2 dxc4 6. O-O b5 7. Ne5 Bb7 8. e4 Nbd7 9. Nxf7 Kxf7 10. e5 Nd5 11.
Nd2 Be7 12. Ne4 Re8 13. Bh3 Nf8 14. f4 Kg8 15. f5 exf5 16. Bxf5 Bc8 17. Qf3 Bxf5 18.
Qxf5 Qd7 19. Qh5 Qe6 20. Bd2 Qg6 21. Qe2 Ne6 22. Bc3 b4 23. Rae1 bxc3 24. bxc3 Nb6 25. Qg2 Rf8 26. Nd6 Bxd6 27. exd6 Rxf1+ 28. Qxf1 Rd8 29. Qe2 Rxd6 30. Qe5 Nf8 31. Qc5 Re6 32. Rf1 Rf6 33. Re1 Qf5 34. Qxf5 Rxf5 0-1

[Event "Early-Titled-Tuesday-Blitz-May-07-2024"]
[Site "Chess.com"]
[Date "2024.05.07"]
[Round "6"]
[White "StelaSfw"]
[Black "Alenzer"]
[Result "0-1"]
[WhiteElo "1646"]
[BlackElo "2223"]
[TimeControl "180+1"]
[EndTime "9:10:21 PDT"]
[Termination "Alenzer won by resignation"]

1. e4 c5 2. Nf3 e6 3. c3 d5 4. exd5 exd5 5. d4 Nf6 6. Be2 Nc6 7. O-O Bd6 8. h3 O-O 9. Bg5 h6 10. Bh4 g5 11. Bg3 Ne4 12. Bh2 f5 13. Nbd2 f4 14. Re1 Qf6 15. Bb5 Bf5 16. Bxc6 bxc6 17. dxc5 Bxc5 18. Nxe4 dxe4 19. Nd4 Rad8 20. Qa4 Bxd4 21.
cxd4 Rxd4 22. Qxa7 Rf7 23. Qb8+ Kh7 24. Qb3 c5 25.
Rad1 Rfd7 26. Rxd4 cxd4 27. a4 e3 28. fxe3 fxe3 29.
Rf1 e2 30. Re1 d3 31. Bg3 d2 32. Ra1 d1=Q+ 33. Rxd1 exd1=Q+ 34. Qxd1 Rxd1+ 35. Kh2 Qd4 0-1

[Event "Early-Titled-Tuesday-Blitz-May-07-2024"]
[Site "Chess.com"]
[Date "2024.05.07"]
[Round "6"]
[White "UF_10"]
[Black "LeoWin2012"]
[Result "1-0"]
[WhiteElo "2511"]
[BlackElo "2317"]
[TimeControl "180+1"]
[EndTime "9:10:23 PDT"]
[Termination "UF_10 won by resignation"]

1. d4 Nf6 2. Nf3 g6 3. Bf4 Bg7 4. Nbd2 O-O 5. c3 d5 6. e3 Bf5 7.
h3 Nbd7 8. g4 Be4 9. Nxe4 Nxe4 10. Bg2 c6 11. O-O Re8 12. Bh2 e5 13. Qc2 Qe7 14.
Rfe1 Rad8 15. a3 Nd6 16. Nd2 e4 17. c4 Rc8 18. a4 Qe6 19. c5 Nc4 20. Nxc4 dxc4 21.
Rac1 b5 22. cxb6 Nxb6 23. a5 Nd5 24. Qxc4 c5 25. dxc5 Bxb2 26. Rc2 Ba3 27. Qb5 Nb4 28.
Rc4 Nd3 29. Rxe4 Qxe4 30. Bxe4 Nxe1 31. Bb7 Rb8 32. Bxb8 Rxb8 33. a6 Nf3+ 34. Kg2 Ne5 35. Qb3 Bxc5 36. Qd5 Nd3 37. Qxd3 Kf8 38. Qb5 Bd6 39.
Qd7 Be5 40. f4 Bf6 41. Qd6+ Be7 42. Qxb8+ 1-0

[Event "Early-Titled-Tuesday-Blitz-May-07-2024"]
[Site "Chess.com"]
[Date "2024.05.07"]
[Round "6"]
[White "shirovin"]
[Black "remyrushbrooke"]
[Result "0-1"]
[WhiteElo "2076"]
[BlackElo "2290"]
[TimeControl "180+1"]
[EndTime "9:10:23 PDT"]
[Termination "remyrushbrooke won by resignation"]

1. e4 g6 2. d4 Bg7 3. Nc3 d6 4.
Nf3 a6 5. Be3 b5 6. a3 Bb7 7.
Bd3 Nf6 8. Qd2 d5 9. e5 Ne4 10. Bxe4 dxe4 11. Ng5 c5 12. Ngxe4 b4 13. Nxc5 bxc3 14.
bxc3 Bxg2 15. Rg1 Bd5 16. Bh6 O-O 17. Rg3 Qc8 18. e6 Bxe6 19. Nxe6 Qxe6+ 20. Kf1 Nd7 21. Re1 Qc4+ 22. Kg1 Nf6 23. Bxg7 Kxg7 24. Rxe7 Rfe8 25.
Rxe8 Rxe8 26. Rh3 h5 27. Rf3 Re2 28. Qf4 Re1+ 29. Kg2 Qf1+ 30. Kg3 Qg1+ 31. Kh4 Re4 0-1

[Event "Early-Titled-Tuesday-Blitz-May-07-2024"]
[Site "Chess.com"]
[Date "2024.05.07"]
[Round "6"]
[White "nihalsarin"]
[Black "Nemegejas"]
[Result "1-0"]
[WhiteElo "3144"]
[BlackElo "2826"]
[TimeControl "180+1"]
[EndTime "9:10:27 PDT"]
[Termination "nihalsarin won by resignation"]

1. d4 Nf6 2. Bg5 d5 3. Nd2 Nbd7 4. e3 h6 5. Bh4 e5 6. Ngf3 Bd6 7. c4 e4 8. Ng1 c6 9. Ne2 O-O 10. Nc3 Be7 11. Be2 Nb6 12. O-O Be6 13. Rc1 Nc8 14.
Qb3 Rb8 15. cxd5 cxd5 16. Nb5 Ne8 17. Bg3 Ned6 18. Nc7 Nb6 19. Nxe6 fxe6 20. a4 Nd7 21. Bg4 Rf6 22. f3 exf3 23. Rxf3 Nf8 24. Rxf6 Bxf6 25. Bxe6+ Nxe6 26. Qxd5 Qe8 27. Qxd6 Rd8 28. Qa3 Bg5 29. Re1 Kh8 30. Nf3 Be7 31. Qb3 Qd7 32. Ne5 1-0

[Event "Early-Titled-Tuesday-Blitz-May-07-2024"]
[Site "Chess.com"]
[Date "2024.05.07"]
[Round "6"]
[White "xasid81"]
[Black "PeshkaCh"]
[Result "0-1"]
[WhiteElo "2641"]
[BlackElo "2885"]
[TimeControl "180+1"]
[EndTime "9:10:28 PDT"]
[Termination "PeshkaCh won by resignation"]

1. Nf3 Nf6 2. d4 e6 3. g3 d5 4. Bg2 Be7 5. O-O O-O 6. b3 c5 7. Bb2 Nc6 8. a3 a5 9. Nbd2 Bd7 10. c4 Rc8 11. e3 h6 12. Re1 Re8 13. cxd5 exd5 14.
dxc5 Bxc5 15. Nd4 Nxd4 16. Bxd4 Bxd4 17. exd4 Qb6 18. Rxe8+ Rxe8 19. Nf1 Ne4 20. Rc1 Qf6 21.
Bxe4 Rxe4 22. Ne3 Rxd4 23. Qe1 Bc6 24. Qxa5 Rd3 25. Qb6 d4 26. Nf1 Qf3 27. Rxc6 bxc6 28. Qd8+ Kh7 0-1

[Event "Early-Titled-Tuesday-Blitz-May-07-2024"]
[Site "Chess.com"]
[Date "2024.05.07"]
[Round "6"]
[White "zsizsi99"]
[Black "only_strong_moves"]
[Result "0-1"]
[WhiteElo "2523"]
[BlackElo "2713"]
[TimeControl "180+1"]
[EndTime "9:10:29 PDT"]
[Termination "only_strong_moves won on time"]

1. e4 e5 2. Nf3 Nc6 3. Bb5 a6 4.
Ba4 Nge7 5. O-O Ng6 6. d4 exd4 7. Nxd4 Nxd4 8. Qxd4 b5 9. Bb3 Bb7 10. c4 c5 11. Qd3 b4 12. f4 Be7 13. Nd2 O-O 14. Nf3 d6 15. Be3 Bf6 16. Rf2 Qc7 17. Rd1 Rad8 18. g3 Rfe8 19. Bc2 Bxe4 20. Qxe4 Rxe4 21. Bxe4 Re8 22. Nd2 Bxb2 23. Rf3 a5 24. h4 a4 25.
h5 Nf8 26. Kg2 Bc3 27. Bd5 Ne6 28. Ne4 Bd4 29. Bc1 Qd7 30. h6 Nc7 31. Bb7 d5 32.
Ng5 gxh6 33. Nh3 Re2+ 34. Kf1 Rxa2 35. f5 b3 36. Re1 Bf6 37. Nf4 b2 38. Nh5 bxc1=Q 39.
Nxf6+ Kg7 40. Nxd7 Qxc4+ 41. Kg1 Qd4+ 42. Rfe3 Ra1 43.
f6+ Kg6 44. Ne5+ Kxf6 45. Ng4+ Kg7 0-1